 Dungeon Crawl Stone Soup version 0.18.1-48-g4cf74bf (webtiles) character file.

189887 rjaguar3 the Thaumaturge (level 18, -9/112 HPs)
             Began as a Gargoyle Earth Elementalist on Aug 27, 2016.
             Was the Champion of Vehumet.
             Blown up by an orb spider (50 damage)
             ... with an orb of destruction
             ... on level 2 of the Spider Nest on Aug 30, 2016.
             The game lasted 05:15:04 (53740 turns).

rjaguar3 the Thaumaturge (GrEE)                    Turns: 53740, Time: 05:15:05

Health: -9/112     AC: 26    Str: 11    XL:     18   Next: 59%
Magic:  9/36       EV: 16    Int: 23    God:    Vehumet [******]
Gold:   2340       SH:  0    Dex: 10    Spells: 5 memorised, 23 levels left

rFire  + + .     SeeInvis +     y - +0 mace (freeze)
rCold  + + .     Gourm    +     p - +2 robe of Gozag's Generosity {rC++ Str-2}
rNeg   + . .     Faith    .     (no shield)
rPois  ∞         Spirit   .     R - +2 helmet
rElec  +         Dismiss  .     m - +1 cloak of the Ecumenical Temple {rF+}
rCorr  +         Reflect  .     I - +1 pair of gloves
SustAt .         Harm     .     (no boots)
MR     +....                    V - amulet of the gourmand
Stlth  +++.......               N - ring of Pragmatism {rF+ SInv Stlth+}
                                Z - ring of resist corrosion

@: flying, somewhat resistant to hostile enchantments, fairly stealthy
A: big wings, negative energy resistance 1, electricity resistance, unbreathing,
petrification resistance, rot immunity, AC +13
a: Stop Flying, Renounce Religion


You were on level 2 of the Spider Nest.
You worshipped Vehumet.
Vehumet was exalted by your worship.
You were not hungry.

You visited 7 branches of the dungeon, and saw 31 of its levels.
You also visited: Labyrinth.

You collected 2692 gold pieces.
You spent 352 gold pieces at shops.

Inventory:

Hand Weapons
 y - a +0 mace of freezing (weapon)
 J - the +10 scimitar "Zobborre" {slice, +Rage +Fly rElec Dex-4}
   (You found it in a labyrinth)

   It inflicts extra damage upon your enemies.
   It affects your dexterity (-4).
   It insulates you from electricity.
   It lets you fly.
   It lets you go berserk.
Missiles
 i - 8 throwing nets (quivered)
Armour
 m - the +1 cloak of the Ecumenical Temple (worn) {rF+}
   (You found it on level 5 of the Dungeon)

   It protects you from fire.
 p - the +2 robe of Gozag's Generosity (worn) {rC++ Str-2}
   (You found it on level 5 of the Lair of Beasts)

   It affects your strength (-2).
   It greatly protects you from cold.
 I - a +1 pair of gloves (worn)
 R - a +2 helmet (worn)
Magical Staves
 A - an uncursed staff of earth
Rods
 l - a +4 rod of inaccuracy (10/10)
   (You found it in a labyrinth)
 q - a +3 lightning rod (4/10)
   (You found it on level 4 of the Dungeon)
Jewellery
 e - an uncursed ring of fire
 f - an uncursed ring of protection from fire
 w - an uncursed ring of protection from cold
 M - an uncursed ring of stealth
 N - the ring of Pragmatism (right hand) {rF+ SInv Stlth+}
   (You found it in a labyrinth)

   [ring of see invisible]

   It protects you from fire.
   It lets you see invisible.
   It makes you more stealthy.
 V - an amulet of the gourmand (around neck)
 Z - a ring of resist corrosion (left hand)
Wands
 b - a wand of flame (24/48)
 r - a wand of lightning (5/15)
 v - a wand of iceblast (7/15)
 K - a wand of flame (4/48)
 L - a wand of hasting (5/9)
 Q - a wand of teleportation (5/9)
 S - a wand of teleportation (1/9)
Scrolls
 s - a scroll of blinking
 t - 2 scrolls of identify
 u - 4 scrolls of recharging
 z - 3 scrolls of fog
 B - 11 scrolls of remove curse
 F - 2 scrolls of silence
 P - a scroll of fear
 X - 4 scrolls of magic mapping
 Y - 6 scrolls of teleportation
Potions
 h - 10 potions of curing
 x - 3 potions of magic
 D - a potion of haste
 G - 3 potions of agility
 H - 6 potions of heal wounds
 O - 4 potions of ambrosia
 T - 5 potions of brilliance
 U - a potion of invisibility
 W - 6 potions of cancellation
Miscellaneous
 c - a disc of storms
 n - a plain deck of changes
 E - a crystal ball of energy
Comestibles
 d - 8 bread rations
 g - 30 fruits
 j - 15 meat rations
 k - 2 slices of pizza
 o - a royal jelly
 C - 2 beef jerkies


   Skills:
 + Level 12.0 Fighting
 + Level 10.9 Maces & Flails
 - Level 8.9 Armour
 + Level 9.5 Dodging
 - Level 2.1 Stealth
 * Level 14.5 Spellcasting
 + Level 12.5 Conjurations
   Level 0.7 Transmutations
 + Level 9.8 Fire Magic
 + Level 13.7 Earth Magic
 + Level 9.6 Evocations


You had 23 spell levels left.
You knew the following spells:

 Your Spells              Type           Power        Failure   Level  Hunger
a - Bolt of Fire          Conj/Fire      ######....   2%          6    #####..
b - Stone Arrow           Conj/Erth      ######       1%          3    None
c - Lee's Rapid Deconstr  Erth           ######....   1%          5    ###....
d - Iron Shot             Conj/Erth      ######....   1%          6    #####..
e - Conjure Flame         Conj/Fire      ######..     1%          3    None


Dungeon Overview and Level Annotations

Branches:
Dungeon (12/15)            Temple (1/1) D:6            Lair (8/8) D:10
  Swamp (3/4) Lair:4       Spider (2/4) Lair:3        Slime (0/6) Lair:6
    Orc (2/2) D:11            Elf (3/3) Orc:2

Altars:
Ashenzari
Cheibriados
Dithmenos
Elyvilon
Fedhas
Gozag
Kikubaaqudgha
Makhleb
Nemelex Xobeh
Okawaru
Pakellas
Qazlal
Ru
Sif Muna
Trog
Vehumet
Xom
Yredelemnul
Zin
The Shining One
Beogh
Jiyva

Shops:
D:10 (   Orc:2 =(:[   Elf:1 %

Annotations:
D:12 1 runed door
Lair:1 Fannar
Swamp:3 Mara
Spider:1 1 exclusion
Elf:2 3 runed doors


Innate Abilities, Weirdness & Mutations

You are resistant to torment.
Your stone body is resilient (AC +13).
You are immune to poison.
Your large and strong wings let you fly indefinitely.
You resist negative energy.
You are resistant to electric shocks.
You can survive without breathing.
You are immune to petrification.
You are immune to rotting.


Message History

The wolf spider closely misses you. The wolf spider bites you.
An orb of destruction comes into view.
The wolf spider hits you! The wolf spider misses you.
The redback bites you but does no damage.
The wolf spider hits you. The wolf spider bites you.
The orb of destruction hits the wolf spider.
The wolf spider hits you but does no damage.
The wolf spider closely misses you.
You see here a scroll of holy word.
The orb spider pulsates with a strange energy.
The wolf spider hits you.
The wolf spider bites you but does no damage.
The wolf spider hits you! The wolf spider closely misses you.
The orb spider weaves a glowing orb of energy.
An orb of destruction comes into view.
The orb spider pulsates with a strange energy.
The orb spider pulsates with a strange energy.
There is a stone staircase leading up here.
The orb of destruction hits you!
You die...

...#.....§.^## #^^.# ##
...#.......#####s.^##.#
..........##.^^.§....####
.........##.....§.^.s...##
##......##^#^..≈≈§≈≈.....##
.##.....# #^..^^≈§≈.^.....
..##....###..≈.^^§s^.≈^.####
...#...^.^^..≈≈.s§..≈≈^.....
.........^..^≈≈.@..^≈≈......
..^..[...^^..≈≈.<.<.≈≈......
........###..≈.......≈...##
........##.^.^^.≈≈≈.^....#
###.....##.#...≈≈≈≈≈^^.###
......######^..^....^..#
.......#####.#......^^##
......##...###.#..^#.##
...^..§....s####^^^#.#


You could see a wolf spider, 2 orb spiders and a redback.

Vanquished Creatures
  Rupert (Lair:6)
  Kirke (Elf:1)
  Roxanne (Swamp:1)
  The ghost of ceb the Severer, a journeyman MiBe of Trog (Swamp:3)
  Maud (D:10)
  2 deep elf sorcerers
  A deep elf elementalist (Elf:2)
  A ghost moth (Spider:2)
  A deep elf demonologist (Elf:1)
  An ettin (Orc:1)
  Snorg (D:12)
  3 deep elf death magi
  A minotaur (Lab)
  A fire dragon (Lair:8)
  Harold (D:10)
  Erolcha (D:12)
  Josephine (Orc:1)
  An entropy weaver (Spider:2)
  17 hydras
  A centaur warrior (D:7)
  12 dancing weapons
  8 alligators
  A queen ant (Lair:5)
  4 ogre magi (Orc:2)
  8 death yaks
  22 deep elf knights
  3 spriggans
  An unseen horror (D:12)
  A spriggan druid (Swamp:3)
  7 hill giants
  3 swamp dragons
  2 orc knights (Orc:2)
  10 deep elf archers
  13 orb spiders
  2 cyclopes
  2 orc sorcerers (Orc:2)
  14 wolf spiders
  A mana viper (shapeshifter) (Elf:1)
  2 ugly things
  46 deep elf magi
  A manticore (D:11)
  2 griffons
  16 slime creatures
  12 black mambas
  A moth of wrath (Spider:1)
  8 elephants
  A guardian serpent (Lair:8)
  3 torpor snails
  32 spiny frogs
  Maurice (D:9)
  11 komodo dragons
  A kobold demonologist (D:12)
  A yaktaur (D:12)
  5 demonic crawlers
  9 rime drakes
  13 two-headed ogres
  A polar bear (Lair:8)
  7 trolls
  12 jumping spiders
  5 giant leeches
  A boulder beetle (Lair:7)
  15 blink frogs
  4 bog bodies
  Sigmund (D:5)
  4 air elementals
  26 redbacks
  2 shadows
  13 tarantellas
  9 wyverns
  5 wraiths (Orc:1)
  5 basilisks
  51 yaks
  4 hogs
  2 fire elementals (Elf:1)
  12 hippogriffs
  3 water elementals
  5 hungry ghosts
  A steam dragon (Lair:8)
  3 mottled dragons
  3 vampire mosquitoes (D:12)
  15 swamp worms
  11 soldier ants
  2 wargs (Orc:1)
  The ghost of Ashar the Gusty, an amateur HEAE (D:4)
  25 water moccasins
  4 sky beasts
  18 orc warriors
  13 porcupines
  5 swamp drakes
  10 wasps
  3 ice beasts
  4 necrophages
  3 phantoms
  33 ogres
  23 crocodiles
  7 wolves
  12 centaurs
  5 big kobolds
  Blork the orc (D:4)
  29 giant frogs
  An earth elemental (Elf:1)
  5 scorpions
  A wyvern skeleton (D:9)
  16 killer bees
  11 wights
  6 crimson imps
  5 howler monkeys
  3 giant frog zombies
  3 jellies
  13 orc priests
  A centaur skeleton (D:10)
  2 centaur zombies (D:11)
  6 giant frog skeletons
  4 hounds
  26 orc wizards
  21 iguanas
  57 worker ants
  27 sheep
  4 hound skeletons
  12 gnolls
  19 adders
  A howler monkey skeleton (D:4)
  85 river rats
  3 shadow imps
  An adder skeleton (D:9)
  19 worms
  A dart slug (D:1)
  7 giant geckos
  78 orcs
  4 ball pythons
  10 giant cockroaches
  7 goblins
  3 hobgoblins
  18 jackals
  3 quokkas
  11 bats
  6 giant newts
  2 goblin skeletons (D:8)
  3 hobgoblin zombies (D:8)
  31 kobolds
  3 orc zombies (D:8)
  12 rats
  A spectral orc (D:8)
  2 crawling corpses (Elf:1)
  7 fungi
  2 plants (Lair:6)
1299 creatures vanquished.

Vanquished Creatures (others)
  A spiny frog (Lair:8)
  2 humans (Elf:1)
  67 fungi
  59 plants
129 creatures vanquished.

Grand Total: 1428 creatures vanquished

Notes
Turn   | Place    | Note
--------------------------------------------------------------
     0 | D:1      | rjaguar3 the Gargoyle Earth Elementalist began the quest for the Orb.
     0 | D:1      | Reached XP level 1. HP: 10/10 MP: 3/3
   146 | D:1      | Reached XP level 2. HP: 15/15 MP: 3/5
   867 | D:1      | Reached XP level 3. HP: 19/19 MP: 4/6
  2188 | D:1      | Reached skill level 3 in Spellcasting
  2188 | D:1      | Reached skill level 5 in Earth Magic
  2188 | D:1      | Reached XP level 4. HP: 19/24 MP: 5/8
  2193 | D:1      | Learned a level 3 spell: Stone Arrow
  2292 | D:2      | Found a deep blue altar of Sif Muna.
  2478 | D:2      | Reached skill level 1 in Conjurations
  2790 | D:2      | Reached XP level 5. HP: 27/28 MP: 5/10
  2921 | D:2      | Found a bloodstained altar of Trog.
  3499 | D:3      | Learned a level 5 spell: Lee's Rapid Deconstruction
  3846 | D:3      | Found a shadowy altar of Dithmenos.
  4025 | D:4      | Reached XP level 6. HP: 15/32 MP: 1/11
  4035 | D:4      | Reached skill level 4 in Spellcasting
  4274 | D:4      | Noticed Ashar's ghost (amateur HEAE)
  4547 | D:4      | Noticed a phantom
  4550 | D:4      | Reached skill level 1 in Evocations
  4557 | D:4      | Killed a phantom
  4563 | D:4      | Noticed Blork the orc
  4575 | D:5      | Entered Level 5 of the Dungeon
  4776 | D:5      | Noticed Sigmund
  4777 | D:5      | Got a crude cloak
  4816 | D:4      | Killed Blork the orc
  4816 | D:4      | Reached XP level 7. HP: 37/37 MP: 0/13
  4828 | D:4      | Identified the +1 cloak of the Ecumenical Temple {rF+} (You found it on level 5 of the Dungeon)
  5180 | D:4      | Reached skill level 1 in Fighting
  5424 | D:4      | Killed Ashar's ghost
  5424 | D:4      | Reached skill level 1 in Maces & Flails
  5424 | D:4      | Reached skill level 1 in Armour
  5794 | D:5      | Killed Sigmund
  5794 | D:5      | Reached skill level 5 in Spellcasting
  5794 | D:5      | Reached XP level 8. HP: 44/44 MP: 5/15
  7428 | D:5      | Found a deep blue altar of Sif Muna.
  7720 | D:6      | Found a staircase to the Ecumenical Temple.
  7722 | D:6      | Got a sheer robe
  7738 | Temple   | Entered the Ecumenical Temple
  7746 | Temple   | Became a worshipper of Vehumet
  7838 | D:6      | Found a blossoming altar of Fedhas.
  8111 | D:6      | Reached XP level 9. HP: 48/50 MP: 13/17
  8130 | D:6      | Reached skill level 6 in Spellcasting
  8286 | D:6      | Identified the +2 robe of Sonum {rF+ Regen+ Int-3} (You found it on level 6 of the Dungeon)
  8553 | D:6      | Found an ancient bone altar of Kikubaaqudgha.
  9244 | D:7      | Reached * piety under Vehumet
  9244 | D:7      | Offered knowledge of Freeze by Vehumet.
  9950 | D:7      | Reached skill level 5 in Conjurations
 10401 | D:8      | Reached XP level 10. HP: 56/56 MP: 7/20
 10689 | D:8      | Reached skill level 7 in Spellcasting
 10908 | D:7      | Noticed a centaur warrior
 10928 | D:7      | Killed a centaur warrior
 11692 | D:8      | Found a basalt altar of Yredelemnul.
 11733 | D:8      | Reached skill level 5 in Armour
 11857 | D:8      | Found a glowing golden altar of the Shining One.
 11878 | D:8      | Reached ** piety under Vehumet
 11880 | D:8      | Offered knowledge of Searing Ray by Vehumet.
 12232 | D:9      | Noticed Maurice
 12324 | D:9      | Reached skill level 5 in Fighting
 12930 | D:9      | Offered knowledge of Inner Flame by Vehumet.
 13133 | D:9      | Found a stormy altar of Qazlal.
 13146 | D:10     | Entered Level 10 of the Dungeon
 13176 | D:10     | Reached *** piety under Vehumet
 13442 | D:10     | Found Kishruf's Weapon Boutique.
 13470 | D:10     | Reached XP level 11. HP: 64/64 MP: 8/22
 13472 | D:10     | Reached skill level 8 in Spellcasting
 13529 | D:10     | Noticed Maud
 13653 | D:9      | Killed Maurice
 13750 | D:9      | Found a glowing silver altar of Zin.
 13955 | D:10     | Noticed a hill giant
 14039 | D:11     | Noticed a brown ugly thing
 14041 | D:11     | Noticed a griffon
 14081 | D:10     | Noticed Harold
 14091 | D:10     | Killed Harold
 14166 | D:10     | Found a staircase to the Lair.
 14187 | Lair:1   | Entered Level 1 of the Lair of Beasts
 14308 | Lair:1   | Learned a level 6 spell: Iron Shot
 14368 | Lair:1   | Offered knowledge of Static Discharge by Vehumet.
 14411 | Lair:1   | Reached skill level 5 in Maces & Flails
 14460 | Lair:1   | You fall through a shaft!
 14489 | Lair:2   | Noticed a six-headed hydra
 14502 | Lair:2   | Killed a six-headed hydra
 14725 | Lair:2   | Reached skill level 5 in Evocations
 15439 | Lair:2   | Reached **** piety under Vehumet
 15833 | Lair:2   | Offered knowledge of Conjure Flame by Vehumet.
 15838 | Lair:2   | Learned a level 3 spell: Conjure Flame
 16324 | Lair:2   | Reached skill level 5 in Dodging
 16324 | Lair:2   | Reached skill level 1 in Fire Magic
 16702 | Lair:1   | Reached XP level 12. HP: 43/71 MP: 4/24
 16704 | Lair:1   | Reached skill level 9 in Spellcasting
 17167 | Lair:1   | Noticed Fannar
 17211 | Lair:1   | Noticed an eight-headed hydra
 17297 | Lair:1   | HP: 2/71 [rime drake/flash freeze (12)]
 18691 | Lair:3   | Noticed a five-headed hydra
 18706 | Lair:3   | Killed a five-headed hydra
 18905 | Lair:3   | Got a distressingly furry leather armour
 18916 | Lair:3   | Identified the +1 leather armour of the Lonely Wars {-Cast rPois MR+++ Str-4} (You found it on level 3 of the Lair of Beasts)
 18960 | Lair:3   | Noticed Rupert
 18962 | Lair:3   | Paralysed by Rupert for 4 turns
 19521 | Lair:3   | Found a hole to the Spider Nest.
 19705 | Lair:3   | Reached ***** piety under Vehumet
 20100 | Lair:4   | Offered knowledge of Orb of Destruction by Vehumet.
 20207 | Lair:4   | Found a staircase to the Swamp.
 20518 | Lair:4   | Noticed a six-headed hydra
 20524 | Lair:4   | Killed a six-headed hydra
 20665 | Lair:4   | Reached skill level 10 in Earth Magic
 21191 | Lair:4   | Reached XP level 13. HP: 59/76 MP: 6/26
 21255 | Lair:4   | Reached skill level 10 in Spellcasting
 24325 | Lair:5   | Got a fabulously ornate robe
 24339 | Lair:5   | Identified the +2 robe of Gozag's Generosity {rC++ Str-2} (You found it on level 5 of the Lair of Beasts)
 25340 | Lair:6   | Found a staircase to the Slime Pits.
 25341 | Lair:6   | Found a viscous altar of Jiyva.
 25784 | Lair:6   | Killed Rupert
 26175 | Lair:7   | Gained mutation: Your large and strong wings let you fly indefinitely. [Gargoyle growth]
 26175 | Lair:7   | Reached XP level 14. HP: 84/84 MP: 20/28
 26870 | Lair:7   | Reached skill level 5 in Fire Magic
 27086 | Lair:7   | Offered knowledge of Poison Arrow by Vehumet.
 27613 | Lair:7   | Reached skill level 11 in Spellcasting
 28020 | Lair:8   | Entered Level 8 of the Lair of Beasts
 28113 | Lair:8   | Found a labyrinth entrance.
 28122 | Lab      | Entered a labyrinth
 28452 | Lab      | Got a twitching granite ring
 28454 | Lab      | Identified the ring of Pragmatism {rF+ SInv Stlth+} (You found it in a labyrinth)
 28459 | Lab      | Identified a +4 rod of inaccuracy (10/10) (You found it in a labyrinth)
 28465 | Lab      | Got a pair of distressingly furry boots
 28465 | Lab      | Got a slimy helmet
 28476 | Lab      | Identified the +1 helmet of the Many Deaths {rF- Dex-4 Slay+4 SInv} (You found it in a labyrinth)
 28492 | Lab      | Identified the +0 pair of boots of Satisfaction {-Cast rN+ Dex+4} (You found it in a labyrinth)
 28503 | Lab      | Got a bloodstained ring mail
 28514 | Lab      | Identified the cursed +1 ring mail "Raetagg" {Str+2} (You found it in a labyrinth)
 28517 | Lab      | Got an ivory scimitar
 28541 | Lab      | Identified the +10 scimitar "Zobborre" {slice, +Rage +Fly rElec Dex-4} (You found it in a labyrinth)
 28545 | Lab      | Identified a scroll of acquirement
 29973 | Lair:8   | Offered knowledge of Conjure Ball Lightning by Vehumet.
 31914 | Lair:8   | Reached XP level 15. HP: 90/90 MP: 4/30
 32683 | Lair:8   | Reached ****** piety under Vehumet
 32718 | Lair:8   | Offered knowledge of Bolt of Draining by Vehumet.
 32720 | Lair:8   | Reached skill level 12 in Spellcasting
 33429 | D:10     | Found a shimmering altar of Xom.
 33667 | D:10     | Killed Maud
 33667 | D:10     | Reached skill level 10 in Conjurations
 34196 | D:11     | Found a staircase to the Orcish Mines.
 35623 | Orc:1    | Entered Level 1 of the Orcish Mines
 35634 | Orc:1    | Offered knowledge of Spellforged Servitor by Vehumet.
 35729 | Orc:1    | Found a roughly hewn altar of Beogh.
 35754 | Orc:1    | Noticed Josephine
 35759 | Orc:1    | Killed Josephine
 36081 | Orc:2    | Entered Level 2 of the Orcish Mines
 36349 | Orc:2    | Found a roughly hewn altar of Beogh.
 38113 | Orc:2    | Found Plog's Book Boutique.
 38113 | Orc:2    | Found Fibif's Jewellery Shoppe.
 38114 | Orc:2    | Found Suroebam's Antique Weapon Boutique.
 38114 | Orc:2    | Found Paikhlu's Armour Emporium.
 38116 | Orc:2    | Offered knowledge of Bolt of Cold by Vehumet.
 38130 | Orc:2    | Reached skill level 10 in Fighting
 38305 | Orc:2    | Found a staircase to the Elven Halls.
 38421 | Orc:2    | Bought an uncursed ring of resist corrosion for 320 gold pieces
 38421 | Orc:2    | Bought a cursed amulet of inaccuracy for 32 gold pieces
 38640 | Orc:1    | Reached XP level 16. HP: 88/97 MP: 3/32
 40052 | D:12     | Noticed Erolcha
 40199 | D:12     | Offered knowledge of Bolt of Fire by Vehumet.
 40211 | D:12     | Learned a level 6 spell: Bolt of Fire
 40244 | D:12     | Noticed Snorg
 40513 | D:12     | Killed Snorg
 40882 | D:12     | Killed Erolcha
 41423 | D:12     | Found a runed door.
 41672 | Elf:1    | Entered Level 1 of the Elven Halls
 42128 | Elf:1    | Reached skill level 13 in Spellcasting
 42436 | Elf:1    | Noticed Kirke
 42735 | Elf:1    | Killed Kirke
 44142 | Elf:1    | Reached XP level 17. HP: 104/104 MP: 6/34
 44382 | Elf:1    | Identified the Disquisition on Confrontation (You found it on level 1 of the Elven Halls)
 44977 | Elf:1    | Found Lint's Food Boutique.
 45210 | Elf:1    | Reached skill level 10 in Maces & Flails
 45599 | Elf:2    | Offered knowledge of Glaciate by Vehumet.
 45599 | Elf:2    | Offered knowledge of Chain Lightning by Vehumet.
 45599 | Elf:2    | Offered knowledge of Tornado by Vehumet.
 46416 | Elf:2    | Found a runed gate.
 46416 | Elf:2    | Found a runed gate.
 46420 | Elf:2    | Found a runed gate.
 46893 | Elf:3    | Entered Level 3 of the Elven Halls
 47162 | Swamp:1  | Entered Level 1 of the Swamp
 48116 | Swamp:1  | Noticed Roxanne
 48121 | Swamp:1  | Killed Roxanne
 48129 | Swamp:1  | Identified Roxanne's Papyrus of Shape Shifting (You took it off Roxanne on level 1 of the Swamp)
 48408 | Swamp:2  | Reached skill level 14 in Spellcasting
 49574 | Swamp:3  | Noticed ceb's ghost (journeyman MiBe)
 49581 | Swamp:3  | Killed ceb's ghost
 49814 | Swamp:3  | Noticed Mara
 49928 | Swamp:3  | Reached XP level 18. HP: 110/110 MP: 7/36
 51282 | Spider:1 | Entered Level 1 of the Spider Nest
 53740 | Spider:2 | Blown up by an orb spider

Skill      XL: |  1  2  3  4  5  6  7  8  9 10 11 12 13 14 15 16 17 18 |
---------------+-------------------------------------------------------+-----
Earth Magic    | 4 5 6 7 8 9 10 11 12 13 | 13.7
Spellcasting   | 3 4 5 6 7 8 9 10 11 12 13 14 | 14.5
Conjurations   | 1 2 3 4 5 6 7 8 9 10 11 12 | 12.5
Evocations     | 1 2 3 4 5 6 7 8 9 |  9.6
Fighting       | 1 3 4 5 6 7 8 9 10 11 12 | 12.0
Maces & Flails | 1 2 3 4 5 6 7 8 9 10 | 10.9
Armour         | 1 2 4 5 6 7 8 |  8.9
Dodging        | 2 3 4 5 6 7 8 9 |  9.5
Fire Magic     | 1 3 4 6 7 8 9 |  9.8
Stealth        | |  2.1
Transmutations | |  0.7

Action                   |  1- 3 |  4- 6 |  7- 9 | 10-12 | 13-15 | 16-18 || total
-------------------------+-------+-------+-------+-------+-------+-------++-------
Melee: Unarmed           |    22 |       |       |       |       |       ||    22
       Dagger            |    14 |    37 |   124 |    59 |    89 |       ||   323
       Staff             |       |    27 |    57 |   194 |   141 |   160 ||   579
       Mace              |       |       |       |     9 |    46 |    43 ||    98
 Cast: Sandblast         |    73 |    49 |    50 |    17 |       |       ||   189
       Stone Arrow       |       |    24 |   122 |   426 |   626 |   119 ||  1317
       Lee's Rapid Decon |       |       |     2 |     1 |   117 |   130 ||   250
       Iron Shot         |       |       |       |       |    99 |   320 ||   419
       Conjure Flame     |       |       |       |       |       |     2 ||     2
 Abil: Fly               |       |       |       |       |     1 |       ||     1
Evoke: Rod               |       |     2 |    13 |    24 |    68 |    44 ||   151
       Wand              |       |       |       |       |     6 |       ||     6
  Use: Potion            |       |     1 |       |     4 |     1 |     1 ||     7
       Scroll            |       |       |       |    10 |    26 |     7 ||    43
 Stab: Sleeping          |     1 |     2 |       |     1 |       |       ||     4
  Eat: Chunk             |     5 |     8 |    22 |    45 |    99 |   122 ||   301
       Pizza             |       |     1 |       |       |     1 |       ||     2
       Bread ration      |       |       |     1 |       |     1 |     3 ||     5
       Beef jerky        |       |       |       |     1 |     2 |       ||     3
       Fruit             |       |       |       |       |       |     1 ||     1
Armor: Robe              |    29 |    31 |   126 |   231 |   311 |   304 ||  1032
Dodge: Dodged            |    64 |    41 |   179 |   361 |   455 |   391 ||  1491
